 Dungeon Sprint DCSS version 0.14-a0-2604-g6f603d6 (webtiles) character file.

430 BluebellGnoll the Eclecticist (level 6, 0/32 HPs)
             Began as a Deep Elf Summoner on Feb 13, 2014.
             Was a High Priest of Sif Muna.
             Slain by a hill giant
             ... wielding a +0,+0 giant club
              (24 damage)
             ... in the Dungeon (Sprint IX: "|||||||||||||||||||||||||||||").
             The game lasted 00:12:23 (1655 turns).

BluebellGnoll the Eclecticist (Deep Elf Summoner)   Turns: 1655, Time: 00:12:23

HP   0/32        AC  4     Str  8      XL: 6   Next: 66%
MP  14/31        EV 13     Int 22      God: Sif Muna [*****.]
Gold 0           SH  0     Dex 18      Spells:  5 memorised, 24 levels left

rFire  . . .     SeeInvis .     s - +2 halberd (venom)
rCold  . . .     Clarity  .     a - +0 elf robe
rNeg   . . .     Conserve .     (no shield)
rPois  .         rCorr    .     q - +0 helmet
rElec  .         rRot     .     p - +0 cloak
SustAb . .       Spirit   .     (no gloves)
rMut   .         Warding  .     (no boots)
Saprov . . .     NoTele   +     (no amulet)
MR     .....                    o - +3 ring of dexterity
                                n - +3 ring of strength

@: not resistant to hostile enchantments, stealthy
A: no striking features
a: Channel Energy, Forget Spell, Renounce Religion


You were in the Dungeon.
You worshipped Sif Muna.
Sif Muna was extremely pleased with you.
You were hungry.

You visited 1 branch

Inventory:

Hand weapons
 s - a +2,+2 halberd of venom (weapon)
 t - a +2,+2 dwarven morningstar of crushing
Armour
 a - a +0 elven robe (worn)
 p - a +0 cloak (worn)
 q - a +0 helmet (worn)
Magical devices
 m - a wand of cold (5)
Comestibles
 c - a bread ration
Scrolls
 i - 2 scrolls of blinking
 k - 3 scrolls of remove curse
 l - 2 scrolls of amnesia
Jewellery
 n - a +3 ring of strength (left hand)
 o - a +3 ring of dexterity (right hand)
Potions
 d - 5 potions of curing
 e - 3 potions of heal wounds
 f - a potion of speed
 g - 4 potions of magic
 h - a potion of invisibility
Books
 b - a book of Callings

   Spells                             Type                      Level
   *Summon Small Mammal               Summoning                    1
   *Call Imp                          Summoning                    2
   *Call Canine Familiar              Summoning                    3
   *Summon Scorpions                  Summoning/Poison             4
   *Summon Ice Beast                  Ice/Summoning                4
Magical staves
 x - an uncursed staff of energy


   Skills:
 - Level 2.4 Dodging
 - Level 2.4 Stealth
 * Level 16.8 Spellcasting
 + Level 6.1 Summonings


You had 24 spell levels left.
You knew the following spells:

 Your Spells              Type           Power        Failure   Level  Hunger
a - Summon Small Mammal   Summ           ####         1%          1    None
b - Call Imp              Summ           #####.....   1%          2    None
c - Call Canine Familiar  Summ           #####.....   1%          3    None
d - Summon Ice Beast      Ice/Summ       ####......   12%         4    None
e - Summon Scorpions      Summ/Pois      ####......   12%         4    None


Dungeon Overview and Level Annotations

Branches:
Dungeon (1/1)

Altars:
Ashenzari
Cheibriados
Dithmenos
Elyvilon
Fedhas
Kikubaaqudgha
Makhleb
Nemelex Xobeh
Okawaru
Sif Muna
Trog
Vehumet
Xom
Yredelemnul
Zin
The Shining One


Message History

Your ice beast freezes the hill giant!
The hill giant hits your ice beast with a giant club!
Your ice beast dies!
Casting: Summon Ice Beast
Confirm with . or Enter, or press ? or * to list all spells.
A chill wind blows around you.
Attack whom?
Press: ? - help, Dir - move target cursor, f/p - hill giant
Aim: a hill giant, wielding a giant club (moderately wounded)
You could not reach far enough!
The hill giant hits your ice beast with a giant club!
Your ice beast dies!
Casting: Summon Ice Beast
Confirm with . or Enter, or press ? or * to list all spells.
A chill wind blows around you. The hill giant completely misses you.
You barely miss the hill giant.
The hill giant is moderately wounded.
The hill giant hits you with a giant club!
Ouch! That really hurt!
You die... ▓▓▓▓▓▓▓▓▓▓▓▓▓▓▓▓▓▓▓▓▓▓▓▓▓▓▓▓▓▓▓ ______'........I@CCaz.u'....u.+ ▓▓▓▓▓▓▓▓▓▓▓▓▓▓▓▓▓▓▓▓▓▓▓▓▓▓▓▓▓▓▓

You could see a hill giant, a cyclops, a brown ugly thing, a worker ant, a jackal skeleton and a friendly ice beast.

Vanquished Creatures
  A troll (D)
  A crimson imp (D)
2 creatures vanquished.

Vanquished Creatures (collateral kills)
  A slime creature (D)
  A necrophage (D)
  An orc warrior (D)
  A giant frog (D)
  A worker ant (D)
  A giant centipede (D)
  An orc (D)
  A goblin (D)
  3 hobgoblins (D)
  A kobold (D)
  A quokka (D)
  A bat (D)
  A giant newt (D)
15 creatures vanquished.

Vanquished Creatures (others)
  5 ice beasts (D)
  10 crimson imps (D)
  An iron imp (D)
  A hound (D)
  A shadow imp (D)
  9 white imps (D)
  9 grey rats (D)
  4 quokkas (D)
  6 bats (D)
  A rat (D)
47 creatures vanquished.

Grand Total: 64 creatures vanquished

Notes
Turn   | Place    | Note
--------------------------------------------------------------
     0 | D        | BluebellGnoll, the Deep Elf Summoner, began the quest for the Orb.
     0 | D        | Reached XP level 1. HP: 10/10 MP: 5/5
    48 | D        | Reached skill level 5 in Spellcasting
    80 | D        | Noticed a crimson imp
   318 | D        | Killed a crimson imp
   318 | D        | Reached skill level 8 in Spellcasting
   318 | D        | Reached XP level 2. HP: 5/15 MP: 8/15
   318 | D        | Reached XP level 3. HP: 6/19 MP: 9/18
   328 | D        | Found an iron altar of Okawaru.
   328 | D        | Found a snail-covered altar of Cheibriados.
   328 | D        | Found a shimmering altar of Xom.
   328 | D        | Found a glowing silver altar of Zin.
   328 | D        | Found a white marble altar of Elyvilon.
   328 | D        | Found a radiant altar of Vehumet.
   328 | D        | Found a glowing golden altar of the Shining One.
   329 | D        | Found a sparkling altar of Nemelex Xobeh.
   330 | D        | Found a basalt altar of Yredelemnul.
   331 | D        | Found a bloodstained altar of Trog.
   332 | D        | Found a shattered altar of Ashenzari.
   333 | D        | Found a shadowy altar of Dithmenos.
   334 | D        | Found a deep blue altar of Sif Muna.
   335 | D        | Found a blossoming altar of Fedhas.
   336 | D        | Found an ancient bone altar of Kikubaaqudgha.
   337 | D        | Found a burning altar of Makhleb.
   338 | D        | Found a shattered altar of Ashenzari.
   339 | D        | Found a glowing golden altar of the Shining One.
   343 | D        | Became a worshipper of Sif Muna the Loreminder
   474 | D        | Learned a level 2 spell: Call Imp
   478 | D        | Learned a level 3 spell: Call Canine Familiar
   570 | D        | Noticed a troll
   570 | D        | Noticed a giant frog
   570 | D        | Noticed a worker ant
   570 | D        | Noticed an orc warrior
   570 | D        | Noticed a necrophage
   599 | D        | Killed a troll
   599 | D        | Acquired Sif Muna's first power
   599 | D        | Acquired Sif Muna's second power
   599 | D        | Reached skill level 14 in Spellcasting
   599 | D        | Reached XP level 4. HP: 15/24 MP: 7/26
   599 | D        | Reached XP level 5. HP: 17/28 MP: 7/28
   615 | D        | Killed a giant frog
   642 | D        | Learned a level 4 spell: Summon Ice Beast
   647 | D        | Learned a level 4 spell: Summon Scorpions
  1237 | D        | Killed a worker ant
  1329 | D        | Killed an orc warrior
  1329 | D        | Reached skill level 15 in Spellcasting
  1329 | D        | Reached skill level 5 in Summonings
  1329 | D        | Reached XP level 6. HP: 8/32 MP: 13/30
  1591 | D        | Killed a necrophage
  1591 | D        | Acquired Sif Muna's third power
  1591 | D        | Reached skill level 16 in Spellcasting
  1631 | D        | Noticed a slime creature
  1631 | D        | Noticed a hill giant
  1631 | D        | Noticed a cyclops
  1631 | D        | Noticed a worker ant
  1631 | D        | Noticed a brown ugly thing
  1648 | D        | Killed a slime creature
  1655 | D        | Slain by a hill giant

Action                   |  1- 3 |  4- 6 || total
-------------------------+-------+-------++-------
Melee: Dagger            |    20 |       ||    20
       Unarmed           |     7 |       ||     7
       Halberd           |     2 |     6 ||     8
 Cast: Summon Small Mamm |    24 |     1 ||    25
       Call Imp          |     6 |    15 ||    21
       Call Canine Famil |     1 |     1 ||     2
       Summon Ice Beast  |       |     7 ||     7
Invok: Channel Energy    |       |     1 ||     1
Evoke: Wand              |     1 |     1 ||     2
  Use: Potion            |     1 |       ||     1
